 Dungeon Crawl Stone Soup version 0.20-b1-14-g8425815 (webtiles) character file.

88 tof the Cudgeler (level 4, -1/37 HPs)
             Began as a Barachi Monk on May 23, 2017.
             Shot with a stone by a goblin (3 damage)
             ... on level 3 of the Dungeon.
             The game lasted 00:07:00 (2951 turns).

tof the Cudgeler (Barachi Monk)                     Turns: 2951, Time: 00:07:00

Health: -1/37      AC:  5    Str: 12    XL:     4   Next: 54%
Magic:  4/4        EV: 12    Int: 10    God:
Gold:   121        SH:  0    Dex: 16    Spells: 3/3 levels left

rFire    . . .     SeeInvis .   a - +0 mace
rCold    + . .     Gourm    .   (no shield)
rNeg     . . .     Faith    .   f - +0 ring mail
rPois    .         Spirit   .   (helmet restricted)
rElec    .         Reflect  .   (no cloak)
rCorr    .         Harm     .   (no gloves)
MR       .....                  (no boots)
Stlth    +.........             (no amulet)
Regen    0.2/turn               (no ring)
MPRegen  0.1/turn               (no ring)

@: about to teleport, slow
A: +LOS, swims, antennae 1, hooves 1, cold resistance 1, slowness 1, evolution
1, strong legs 1
a: Hop


You were on level 3 of the Dungeon.
You were not hungry.

You visited 1 branch of the dungeon, and saw 3 of its levels.

You collected 121 gold pieces.

Inventory:

Hand Weapons
 a - a +0 mace (weapon)
Armour
 f - a +0 ring mail (worn)
Scrolls
 c - a scroll of enchant weapon {unknown}
 d - 2 scrolls of identify {unknown}
 i - a scroll of teleportation
Potions
 e - a potion of invisibility
Comestibles
 b - 5 fruits
 g - a meat ration


   Skills:
 * Level 4.1 Fighting
 * Level 4.8 Maces & Flails
 * Level 2.3 Armour
 - Level 3.2 Dodging
 - Level 1.7 Stealth


You had 3 spell levels left.
You didn't know any spells.

Dungeon Overview and Level Annotations

Branches:
Dungeon (3/15)

Altars:
Elyvilon

Annotations:
D:2 Sigmund


Innate Abilities, Weirdness & Mutations

Shadows flee at your approach. (+LOS)
You can swim through water.
You cover ground slowly.
You can hop short distances.
You have a pair of small antennae on your head.
You have large cloven feet.
Your flesh is cold resistant. (rC+)
You evolve.


Message History

You hear a splash.
The goblin shoots a stone.
The stone misses you.
You hear a splash.
You see here 2 stones.
You bump into the stone wall.
You feel less confused.
The goblin shoots a stone.
The stone closely misses you.
The goblin shoots a stone.
The stone closely misses you.
You hear a splash.
You see here a stone.
A magic dart appears from out of thin air!
The magic dart hits you!
* * * LOW HITPOINT WARNING * * *
The goblin shoots a stone.
The stone barely misses you.
You hear a splash.
As you read the scroll of teleportation, it crumbles to dust.
You feel strangely unstable.
You see here a stone.
The goblin shoots a stone.
The stone hits you.
You die...

#.###### ##########.# #
#......## #.......(..#
.#####.####..#######.###.####.#
...)(.........................#
.....(........................#
≈..≈.)...≈≈.≈r≈≈.≈..≈.≈..≈≈≈≈≈#
≈≈≈≈≈≈≈≈g≈≈{≈g≈g≈≈≈≈≈≈≈≈≈≈≈≈≈≈#
≈≈≈≈≈≈≈≈≈≈≈≈≈≈≈≈≈≈≈≈≈≈≈≈≈≈≈≈≈≈#
≈≈≈(((((≈≈((≈≈≈(@≈#####≈≈≈≈≈≈≈#
###################{ #≈≈≈≈≈≈≈#
{{ #≈≈≈≈≈≈≈# #≈≈≈≈≈≈≈# ≈≈≈≈


You could see a gnoll, 2 goblins and a rat.

Vanquished Creatures
  3 gnolls (D:2)
  A worm (D:2)
  A dart slug (D:1)
  2 leopard geckos
  A giant cockroach (D:2)
  6 goblins
  4 hobgoblins
  7 jackals (D:2)
  8 kobolds
  7 bats
  2 frilled lizards
  10 rats
52 creatures vanquished.

Notes
Turn   | Place    | Note
-------+----------+-------------------------------------------
     0 | D:1      | tof the Barachi Monk began the quest for the Orb.
     0 | D:1      | Reached XP level 1. HP: 18/18 MP: 1/1
   294 | D:1      | Reached XP level 2. HP: 25/25 MP: 2/2
  1214 | D:2      | Reached XP level 3. HP: 20/30 MP: 3/3
  1355 | D:2      | Reached skill level 1 in Armour
  1487 | D:2      | Gained mutation: You tend to lose your temper in combat. [potion of mutation]
  1487 | D:2      | Gained mutation: Scrolls take you a little longer to read. [potion of mutation]
  1487 | D:2      | Gained mutation: Your flesh is heat resistant. (rF+) [potion of mutation]
  1512 | D:2      | Lost mutation: Scrolls take you a little longer to read. [potion of mutation]
  1512 | D:2      | Lost mutation: You tend to lose your temper in combat. [potion of mutation]
  1512 | D:2      | Lost mutation: Your flesh is heat resistant. (rF+) [potion of mutation]
  1512 | D:2      | Gained mutation: You evolve. [potion of mutation]
  1512 | D:2      | Gained mutation: Your flesh is cold resistant. (rC+) [potion of mutation]
  1512 | D:2      | Gained mutation: You have a pair of small antennae on your head. [potion of mutation]
  1735 | D:2      | Reached XP level 4. HP: 31/37 MP: 4/4
  2056 | D:2      | Gained mutation: You have large cloven feet. [evolution]
  2444 | D:2      | Noticed Sigmund
  2530 | D:3      | Found a white marble altar of Elyvilon.
  2946 | D:3      | HP: 1/37 [something/magic dart (7)]
  2951 | D:3      | Shot with a stone by a goblin

Skill      XL: |  1  2  3  4 |
---------------+-------------+-----
Maces & Flails | 4 |  4.8
Armour         | 1 2 |  2.3
Fighting       | 4 |  4.1
Dodging        | |  3.2
Stealth        | |  1.7

Action                   |  1- 3 |  4- 6 || total
-------------------------+-------+-------++-------
Melee: Mace              |   109 |    68 ||   177
       Kick              |       |    12 ||    12
 Abil: Hop               |     1 |     1 ||     2
  Use: Potion            |     5 |       ||     5
       Scroll            |     3 |     1 ||     4
  Eat: Bread ration      |     1 |     1 ||     2
       Chunk             |       |     1 ||     1
Armor: Ring mail         |    32 |    33 ||    65
Dodge: Dodged            |    92 |    62 ||   154
